Map: King's Cove LE

Players

CptBringdown

  • Race: Protoss Protoss
  • League: Diamond
  • Spawn Location: 5:00

pHARM - Winner!

  • Race: Zerg Zerg
  • League: Platinum
  • Spawn Location: 11:00

VOD

Have the link to the VOD?

Description

Time

  • Played on: Aug. 3, 2019, 4:05 a.m.
  • Length: 2:43
Show
View Real Time Build Order
Export as new Build Order

CptBringdown Protoss 

Build Orders:  

Get SALT Encoding   

  12  0:01  Probe  
  13  0:13  Probe  
  14  0:19  Pylon  
  14  0:25  Probe  
  15  0:32  Assimilator  
  15  0:42  Probe  
  16  0:50  Gateway  
  16  1:03  Pylon  
  16  1:10  Forge  
  16  1:22  Gateway  
  16  1:33  Pylon  
  16  1:53  Photon Cannon  
  16  2:00  Photon Cannon  
  16  2:03  Zealot  
  16  2:05  Pylon  
Show
View Real Time Build Order
Export as new Build Order

pHARM Zerg - Winner!

Build Orders: Hatch First 

Get SALT Encoding   

  12  0:01  Drone  
  13  0:13  Overlord  
  13  0:24  Drone  
  14  0:45  Hatchery  
  14  0:47  Drone  
  14  0:51  Drone  
  14  0:56  Drone  
  16  1:00  Drone  
  17  1:18  Spawning Pool  
  16  1:29  Drone x2  
  18  2:06  Zergling x8  
  18  2:07  Queen  
  24  2:15  Zergling x2  
Tags
 
Matchup
PvZ
Replay Pack
10.7.19
Spawn Locations
Cross Positions
Add a new tag
Caveats
  • Supply blocks, unpowered buildings, or Contaminate may cause inaccurate times.
  • Supply counts are checked every 10 seconds.